 Dungeon Crawl Stone Soup version 0.21-a0-498-g1b60429 (webtiles) character file.

124 kiturien the Covered (level 4, -3/40 HPs)
             Began as a Minotaur Fighter on Nov 24, 2017.
             Killed by nerve-wracking pain
             ... invoked by an orc priest
              (13 damage)
             ... on level 3 of the Dungeon.
             The game lasted 00:03:55 (1415 turns).

kiturien the Covered (Minotaur Fighter)             Turns: 1415, Time: 00:03:56

Health: -3/40      AC:  7    Str: 21    XL:     4   Next: 81%
Magic:  3/3        EV:  8    Int:  5    God:
Gold:   54         SH:  9    Dex: 10    Spells: 3/3 levels left

rFire    . . .     SeeInvis .   a - +0 long sword
rCold    . . .     Gourm    .   c - +0 shield
rNeg     . . .     Faith    .   b - +0 scale mail
rPois    .         Spirit   .   (helmet restricted)
rElec    .         Reflect  .   (no cloak)
rCorr    .         Harm     .   (no gloves)
MR       .....                  (no boots)
Stlth    ..........             (no amulet)
HPRegen  0.13/turn              (no ring)
MPRegen  0.08/turn              (no ring)

@: no status effects
A: retaliatory headbutt, horns 2
a: no special abilities


You were on level 3 of the Dungeon.
You were hungry.

You visited 1 branch of the dungeon, and saw 3 of its levels.

You collected 54 gold pieces.

Inventory:

Hand Weapons
 a - a +0 long sword (weapon)
Armour
 b - a +0 scale mail (worn)
 c - a +0 shield (worn)
 e - a cursed +0 cloak
Scrolls
 h - a scroll of enchant weapon {unknown}
 l - a scroll of remove curse {unknown}
Potions
 g - a potion of haste {unknown}
 i - a potion of berserk rage {unknown}
 k - 3 potions of invisibility {unknown}
 m - a potion of mutation {unknown}
Comestibles
 d - 3 fruits
 f - a bread ration
 j - 3 royal jellies


   Skills:
 + Level 4.2 Fighting
 + Level 3.8 Long Blades
 + Level 4.6 Armour
 + Level 1.2 Dodging
 + Level 0.1 Stealth
 + Level 4.4 Shields


You had 3 spell levels left.
You didn't know any spells.

Dungeon Overview and Level Annotations

Branches:
Dungeon (2/15)

Altars:

Annotations:
D:2 Crazy Yiuf


Innate Abilities, Weirdness & Mutations

You reflexively headbutt those who attack you in melee.
You have a pair of horns on your head.


Message History

You kill the orc!
The orc priest mumbles some strange prayers to Beogh against you.
Beogh smites you!
You see here 11 gold pieces.
You closely miss the orc priest. The orc priest hits you.
* * * LOW HITPOINT WARNING * * *
The orc priest looks braver for a moment.
You hit the orc priest. Your headbutt misses the orc priest.
The orc priest is moderately wounded.
The orc priest hits you but does no damage.
You closely miss the orc priest.
The orc priest is moderately wounded.
You block the orc priest's attack.
An orc comes into view.
The orc shouts!
You hit the orc priest.
The orc priest is heavily wounded.
The orc priest mumbles some strange prayers to Beogh against you.
Pain shoots through your body!
You die...

#############
............
#o.........#
####
#........%.#
#..#
#..o.......# #
#..#
#.)@.......#
#.#.##
#..).......#
#.#.#
#..........#
#.#.#
.#........###
#.#.#
#..........####
#.#.##
#########.....#
. #..#
#.........###..#
.. #..#
#.######### #.#
.# ##.#
#.#...... #.


You could see an orc priest and an orc.

Vanquished Creatures
  Robin (D:3)
  5 gnolls
  An adder (D:3)
  A worm (D:3)
  3 dart slugs
  2 orcs (D:3)
  5 bats
  4 giant cockroaches
  9 goblins
  5 hobgoblins
  A quokka (D:2)
  4 frilled lizards (D:1)
  5 kobolds
  2 rats (D:3)
48 creatures vanquished.

Notes
Turn   | Place    | Note
-------+----------+-------------------------------------------
     0 | D:1      | kiturien the Minotaur Fighter began the quest for the Orb.
     0 | D:1      | Reached XP level 1. HP: 19/19 MP: 0/0
   130 | D:1      | Reached XP level 2. HP: 27/27 MP: 1/1
   337 | D:1      | Reached XP level 3. HP: 33/33 MP: 2/2
   830 | D:2      | Reached XP level 4. HP: 24/40 MP: 3/3
   888 | D:2      | Found a runed door.
   950 | D:2      | Noticed Crazy Yiuf
  1006 | D:2      | You fall through a shaft!
  1006 | D:3      | Noticed Robin
  1044 | D:3      | Killed Robin
  1044 | D:3      | Reached skill level 1 in Dodging
  1415 | D:3      | Killed from afar by an orc priest

Vault maps used:
D:1:      co_arrival_random_square_maze, fountainhead
D:2:      uniq_crazy_yiuf_cottage
D:3:      dancing_weapons_uskayaw, first_bread, serial_co_window_serial,
          co_window_paths_a, co_window_of_opportunity_a, co_window_paths_a,
          co_window_of_opportunity_a, co_window_corner_a, co_window_broadway_a,
          co_window_corner_cb, co_window_paths_c, co_window_2corner,
          co_window_2corner, uniq_robin

Skill      XL: |  1  2  3  4 |
---------------+-------------+-----
Shields        | 4 |  4.4
Armour         | 4 |  4.6
Fighting       | 4 |  4.2
Long Blades    | 3 |  3.8
Dodging        | 1 |  1.2
Stealth        | |  0.1

Action                   |  1- 3 |  4- 6 || total
-------------------------+-------+-------++-------
Melee: Long sword        |    65 |    41 ||   106
       Headbutt          |    14 |     7 ||    21
  Use: Potion            |       |     1 ||     1
  Eat: Chunk             |       |     1 ||     1
Armor: Scale mail        |    30 |    16 ||    46
Dodge: Dodged            |    24 |    10 ||    34
Block: Shield            |    30 |    21 ||    51
       Rpst.: Long sword |     8 |     1 ||     9

Table legend:
 A = Spawn XP
 B = Non-spawn XP
 C = Spawn XP percentage of total XP
 D = Spawn monster count
 E = Non-spawn monster count
 F = Spawn count percentage of total count
 G = Total turns spent on level
                    A         B        C        D         E        F      G
               +---------+---------+-------+---------+---------+-------+---------
         Total |       0 |     178 |   0.0 |       0 |      48 |   0.0 |  1415
               +---------+---------+-------+---------+---------+-------+---------
           D:1 |       0 |      48 |   0.0 |       0 |      21 |   0.0 |   801
           D:2 |       0 |      68 |   0.0 |       0 |       9 |   0.0 |   205
           D:3 |       0 |      62 |   0.0 |       0 |      18 |   0.0 |   409
               +---------+---------+-------+---------+---------+-------+---------
